 Dungeon Crawl Stone Soup version 0.32-a0-913-g739538afd8 (webtiles) character file.

Game seed: 13944922383673896533

445 retardedninja the Trooper (level 7, -59/56 HPs)
             Began as a Coglin Fighter on Apr 4, 2024.
             Annihilated by an ogre
             ... wielding a +0 giant club
              (71 damage)
             ... on level 5 of the Dungeon on Apr 9, 2024.
             The game lasted 00:11:56 (4217 turns).

retardedninja the Trooper (Coglin Fighter)          Turns: 4217, Time: 00:11:57

Health: -59/56     AC:  9    Str: 19    XL:     7   Next: 3%
Magic:  7/7        EV:  2    Int:  7    God:
Gold:   202        SH:  0    Dex: 13    Spells: 6/6 levels left

rFire   . . .        a - +0 war axe {Suphaphon}
rCold   . . .        o - +0 flail {Eadburga}
rNeg    . . .        b - +0 scale mail
rPois   .            e - +0 helmet
rElec   .            (no cloak)
rCorr   .            (no gloves)
SInv    .            h - +0 pair of boots
Will    .....        (amulet unavailable) Stlth
                     (ring unavailable)
HPRegen 0.29/turn    (ring unavailable)
MPRegen 0.10/turn    (no gizmo)

%: no passive effects
@: mighty, sleeping, revving
A: off-hand wielding, slow wielding, warmup strikes, no jewellery
a: Invent Gizmo


You were on level 5 of the Dungeon.
You visited 1 branch of the dungeon, and saw 5 of its levels.

You collected 202 gold pieces.

Inventory:

Hand Weapons
 a - a +0 war axe (weapon) {Suphaphon}
 o - a +0 flail (offhand) {Eadburga}
Armour
 b - a +0 scale mail (worn)
 e - a +0 helmet (worn)
 g - the +1 Delatra's gloves {ID++}
   (You found it on level 4 of the Dungeon)

   ID++:      It heals its wearer when they drink unknown potions, and restores
   their MP when they read unknown scrolls.
 h - a +0 pair of boots (worn)
 q - a +1 pair of gloves
 x - the scarf "Pyno Obu" {rC+ rF+, rN+}
   (You found it on level 4 of the Dungeon)

   rN+:       It protects you from negative energy.
Wands
 w - a wand of mindburst (10)
Scrolls
 c - a scroll of enchant weapon {unknown}
 f - a scroll of amnesia {unknown}
 k - 2 scrolls of poison
 l - a scroll of vulnerability {unknown}
 n - a scroll of torment {unknown}
 s - a scroll of identify {unknown}
 u - 2 scrolls of teleportation {unknown}
 v - a scroll of immolation {unknown}
 y - a scroll of fear {unknown}
 z - a scroll of blinking {unknown}
Potions
 i - 2 potions of heal wounds {unknown}
 j - a potion of berserk rage {unknown}
 m - a potion of mutation {unknown}
 p - a potion of resistance {unknown}
 r - 2 potions of cancellation {unknown}
 t - 2 potions of degeneration {unknown}


   Skills:
 * Level 5.2 Fighting
 * Level 4.8 Axes
 + Level 3.9 Armour
 - Level 2.3 Shields


You had 6 spell levels left.
You didn't know any spells.
Your spell library contained the following spells:

 Spells                   Type           Power      Damage    Failure   Level
 Magic Dart               Conj           0%         1d3       80%         1
 Searing Ray              Conj           0%         2d4       90%         2
 Fulminant Prism          Conj/Alch      0%         3d5       100%        4
 Leda's Liquefaction      Alch/Erth      0%         N/A       100%        4
 Petrify                  Alch/Erth      0%         N/A       100%        4
 Metabolic Englaciation   Hex/Ice        0%         N/A       100%        5


Dungeon Overview and Level Annotations

Branches:
Dungeon (5/15)
 Temple: D:4-7

Altars:
Kikubaaqudgha
Makhleb
Qazlal
Ru
Trog
Wu Jian
Yredelemnul

Shops:
D:1 !(*!   D:3 ?   D:4 *


Innate Abilities, Weirdness & Mutations

You can wield a second weapon in your off-hand.
It takes a long time for you to wield or remove held weapons.
Your first few attacks do less damage.
You cannot equip rings or amulets.


Message History

Unknown command.
There is a stone staircase leading up here.
Found an escape hatch in the floor.
Found a stone staircase leading down.
Found 3 stones and 7 gold pieces.
A phantom comes into view.
An ogre comes into view. It is wielding a +0 giant club.
The ogre shouts!
Found a flail.
A sleepcap comes into view.
The phantom barely misses you.
You miss the phantom with your +0 flail.
You slash the phantom with your +0 war axe!
The phantom hits you. The ogre attacks as it pursues you!
The ogre barely misses you. The phantom attacks as it pursues you!
The phantom barely misses you. The phantom attacks as it pursues you!
The phantom closely misses you. The ogre attacks as it pursues you!
The ogre closely misses you. The phantom attacks as it pursues you!
The phantom hits you but does no damage.
The phantom attacks as it pursues you! The phantom hits you.
The phantom blinks!
You blink.
The phantom hits you.
The phantom blinks!
You blink.
You feel very mighty all of a sudden.
The ogre hits you with a +0 giant club!!
The sleepcap releases spores at you.
* * * LOW HITPOINT WARNING * * *
The phantom barely misses you. The sleepcap closely misses you.
You hit the ogre with your +0 war axe.
The ogre is lightly wounded.
You slash the sleepcap with your +0 war axe!
You barely miss the ogre with your +0 flail.
The sleepcap releases spores at you.
* * * LOW HITPOINT WARNING * * *
You are engulfed in a cloud of soporific spores!
You fall asleep.
The ogre hits you with a +0 giant club!!!
Ouch! That really hurt!
You die...

#.##...........#.#
#.##.##..........#
#.##.##...........
#..#.#....##>.##.#
#.#....#......##.#
#..###...### ##
#W.....(.
#Of.....$
#@.####.# #..# .
#..# #..# #..#
#... #.##. #.. .)
### #.


You could see an ogre, a phantom and a sleepcap.

Vanquished Creatures
  An orc warrior (D:4)
  A howler monkey (D:3)
  A jelly (D:2)
  2 orc priests (D:4)
  Jessica (D:3)
  2 orc wizards (D:4)
  4 gnolls (D:2)
  2 white imps
  A ribbon worm (D:3)
  2 dart slugs (D:3)
  14 orcs
  6 endoplasms
  2 giant cockroaches
  4 goblins
  4 hobgoblins
  8 jackals
  5 quokkas
  7 ball pythons
  3 bats
  5 frilled lizards
  4 kobolds
  6 rats
85 creatures vanquished.

Notes
Turn   | Place    | Note
-------+----------+-------------------------------------------
     0 | D:1      | retardedninja the Coglin Fighter began the quest for the
                  | Orb.
     0 | D:1      | Reached XP level 1. HP: 18/18 MP: 1/1
   129 | D:1      | Upgraded the game from 0.32-a0-898-g7811c86cf0 to
                  | 0.32-a0-900-g30fb1b0edc
   204 | D:1      | Reached XP level 2. HP: 24/24 MP: 2/2
   243 | D:1      | Found Uroomaer's Distillery.
   352 | D:1      | Found Tadis's Weapon Shoppe.
   467 | D:1      | Found Metipp's Distillery.
   568 | D:1      | Found Jeng's Assorted Antiques.
   745 | D:2      | Reached XP level 3. HP: 28/29 MP: 3/3
   866 | D:2      | Reached XP level 4. HP: 37/37 MP: 4/4
  1266 | D:3      | Found a bloodstained altar of Trog.
  1306 | D:2      | Reached skill level 4 in Fighting
  1665 | D:2      | Reached XP level 5. HP: 16/42 MP: 5/5
  1989 | D:3      | Noticed Jessica
  2002 | D:3      | Killed Jessica
  2297 | D:3      | Found an ancient bone altar of Kikubaaqudgha.
  2298 | D:3      | Found a sacrificial altar of Ru.
  2300 | D:3      | Found a basalt altar of Yredelemnul.
  2300 | D:3      | Found an ornate altar of the Wu Jian Council.
  2301 | D:3      | Found a stormy altar of Qazlal.
  2306 | D:3      | Found a burning altar of Makhleb.
  2423 | D:3      | Found Udeny's Magic Scroll Boutique.
  2793 | D:4      | Identified the scarf "Pyno Obu" {rC+ rF+, rN+}
  2813 | D:4      | Found Sejeuvvuuh's Lightly-Used Armoury.
  2844 | D:4      | Reached XP level 6. HP: 35/49 MP: 6/6
  2851 | D:4      | HP: 1/49 [poisoned by an orc]
  3556 | D:4      | Noticed an orc warrior
  3574 | D:4      | Killed an orc warrior
  3575 | D:4      | Reached skill level 5 in Fighting
  3575 | D:4      | Reached XP level 7. HP: 9/56 MP: 7/7
  3937 | D:4      | Found the +1 Delatra's gloves {ID++}
  4119 | D:4      | Upgraded the game from 0.32-a0-900-g30fb1b0edc to
                  | 0.32-a0-913-g739538afd8
  4139 | D:5      | Entered Level 5 of the Dungeon
  4217 | D:5      | Annihilated by an ogre

Illustrated notes

Levels and vault maps discovered:
D:1:      amcnicky_arrival_gap_in_the_tavern_cellar, layout_loops_ring,
          serial_shops, nicolae_shop_bloodbath_and_beyond, shop, shop, shop,
          st_stairs_1
D:2:      layout_rooms, kennysheep_boxes
D:3:      layout_basic, nicolae_overflow_hallway_of_the_gods, serial_shops,
          nicolae_square_shop, uniq_jessica
D:4:      layout_loops_ring, eino_tiny_chamber, minmay_shop_damaged,
          pf_guarded_unrand_delatra
D:5:      layout_loops_ring, nicolae_gozag_seed_capital, uniq_duvessa

Skill      XL: |  1  2  3  4  5  6 |
---------------+-------------------+-----
Armour         | 3 |  3.9
Axes           | 3 4 |  4.8
Fighting       | 4 5 |  5.2
Shields        | |  2.3

Action                     |  1- 3 |  4- 6 |  7- 9 || total
---------------------------+-------+-------+-------++-------
  Melee: War axe           |    60 |    82 |    10 ||   152
         Short sword       |    25 |       |       ||    25
         Flail             |     9 |    86 |    10 ||   105
    Use: Potion            |       |     3 |     1 ||     4
         Scroll            |       |       |     1 ||     1
 Armour: Scale mail        |    60 |    94 |    14 ||   168
  Dodge: Dodged            |    32 |    45 |     9 ||    86
  Block: Buckler           |     4 |       |       ||     4

Table legend: (Time is in decaauts)
 A = Elapsed time spent in this place.
 B = Non-inter-level travel time spent in this place.
 C = Inter-level travel time spent in this place.
 D = Time resting spent in this place.
 E = Time spent auto-exploring this place.
 F = Levels seen in this place.
 G = Mean time per level.
                   A        B        C        D        E       F      G
               +--------+--------+--------+--------+--------+-----+--------+
         Total |   4300 |   4223 |     77 |   1131 |   2262 |   5 |  860.0 |
       Dungeon |   4300 |   4223 |     77 |   1131 |   2262 |   5 |  860.0 |
               +--------+--------+--------+--------+--------+-----+--------+

Top non-repeatable levels by time:
     D:4: 1587 daAuts
     D:2: 1022 daAuts
     D:3: 899 daAuts
     D:1: 711 daAuts
     D:5: 79 daAuts
